 Dungeon Crawl Stone Soup version 0.30-a0-777-ga9a30cbeda (webtiles) character file.

Game seed: 2919009363269443722

9 Zenkrye the Poker (level 2, 0/24 HPs)
             Began as a Human Cinder Acolyte on Feb 13, 2023.
             Was a High Priest of Ignis.
             Killed from afar by a dart slug (5 damage)
             ... with a slug dart
             ... on level 1 of the Dungeon.
             The game lasted 00:00:39 (121 turns).

Zenkrye the Poker (Human Cinder Acolyte)             Turns: 121, Time: 00:00:40

Health: 0/24       AC:  2    Str: 14    XL:     2   Next: 20%
Magic:  3/3        EV: 11    Int: 14    God:    Ignis [*****.]
Gold:   23         SH:  0    Dex:  8    Spells: 3/3 levels left

rFire   + . .      SeeInvis .    a - -1 spear (flame)
rCold   . . .      Faith    .    (no shield)
rNeg    . . .      Spirit   .    b - +0 robe
rPois   .          Reflect  .    (no helmet)
rElec   .          Harm     .    (no cloak)
rCorr   .          Rampage  .    (no gloves)
Will    .....                    (no boots)
Stlth   +                        (no amulet)
HPRegen 0.24/turn                (no ring)
MPRegen 0.08/turn                (no ring)

@: no status effects
A: no striking features
a: Renounce Religion, Fiery Armour, Foxfire Swarm, Rising Flame


You were on level 1 of the Dungeon.
You worshipped Ignis.
Ignis was extremely pleased with you.
You visited 1 branch of the dungeon, and saw 1 of its levels.

You collected 23 gold pieces.

Inventory:

Hand Weapons
 a - a -1 spear of flaming (weapon)
Armour
 b - a +0 robe (worn)
Scrolls
 c - a scroll of identify {unknown}


   Skills:
 - Level 3.0 Fighting
 * Level 3.3 Polearms
 + Level 1.2 Spellcasting
 + Level 3.1 Fire Magic


You had 3 spell levels left.
You didn't know any spells.
Your spell library contained the following spells:

 Spells                   Type           Power      Damage    Failure   Level
 Scorch                   Fire           18%        2d6       11%         2


Dungeon Overview and Level Annotations

Branches:
Dungeon (1/15)

Altars:


Message History

The jackal attacks as you move away! The jackal bites you.
The jackal bites you but does no damage.
You are too injured to fight recklessly!
You are too injured to fight recklessly!
You are too injured to fight recklessly!
You are too injured to fight recklessly!
You hit the jackal but do no damage. The jackal bites you.
You barely miss the jackal.
The jackal bites you but does no damage.
You hit the jackal. You burn the jackal.
The jackal is moderately wounded.
The jackal barely misses you.
The jackal bites you but does no damage.
You hit the jackal but do no damage.
The jackal is moderately wounded.
The jackal bites you but does no damage.
You hit the jackal. You burn the jackal.
The jackal is severely wounded.
The jackal bites you.
You closely miss the jackal.
The jackal is severely wounded.
The jackal bites you but does no damage.
The jackal bites you.
* * * LOW HITPOINT WARNING * * *
You hit the jackal. You burn the jackal.
You kill the jackal!
You closely miss the jackal. The jackal closely misses you.
You hit the jackal. You burn the jackal. Your punch misses the jackal.
The jackal is moderately wounded.
The jackal closely misses you. The jackal bites you.
* * * LOW HITPOINT WARNING * * *
You barely miss the jackal.
The jackal is moderately wounded.
The jackal bites you.
* * * LOW HITPOINT WARNING * * *
You hit the jackal. You burn the jackal.
You kill the jackal!
The dart slug launches a dart at you. The slug dart hits you.
You die...

#........ ####)....###
####....##>####
#.....####.##..
#..##.###......# #.. ##.#
#.#.#### . #..##........
########.#....#.##.#
#..@wg.....#.##.##.#
.......###)...###........
#....####).#### # .##♣♣♣
#... #†g.## .# ♣ #..
#.w### ..♣♣♣♣♣ .. ....#
.....⌠. . ##... ..♣♣♣♣♣
#..# ♣ ...# ♣


You could see a dart slug and a hobgoblin.

Vanquished Creatures
  3 goblins (D:1)
  A hobgoblin (D:1)
  3 jackals (D:1)
7 creatures vanquished.

Notes
Turn   | Place    | Note
-------+----------+-------------------------------------------
     0 | D:1      | Zenkrye the Human Cinder Acolyte began the quest for the
                  | Orb.
     0 | D:1      | Reached XP level 1. HP: 18/18 MP: 2/2
    24 | D:1      | Found a faded altar of an unknown god.
    96 | D:1      | Reached XP level 2. HP: 15/24 MP: 3/3
   121 | D:1      | Killed from afar by a dart slug

Illustrated notes

Levels and vault maps discovered:
D:1:      scummos_arrival_forest, layout_rooms, basic_ecumenical_altar,
          serial_shops, shop, minmay_pentomino_z4

Action                     || total
---------------------------++-------
  Melee: Spear             ||    38
 Armour: Robe              ||    12
  Dodge: Dodged            ||    29

Table legend: (Time is in decaauts)
 A = Elapsed time spent in this place.
 B = Non-inter-level travel time spent in this place.
 C = Inter-level travel time spent in this place.
 D = Time resting spent in this place.
 E = Time spent auto-exploring this place.
 F = Levels seen in this place.
 G = Mean time per level.
                   A        B        C        D        E       F      G
               +--------+--------+--------+--------+--------+-----+--------+
         Total |    119 |    119 |      0 |      0 |     64 |   1 |  119.0 |
       Dungeon |    119 |    119 |      0 |      0 |     64 |   1 |  119.0 |
               +--------+--------+--------+--------+--------+-----+--------+

Top non-repeatable levels by time:
     D:1: 119 daAuts
